 Dungeon Crawl Stone Soup version 0.21.1 (webtiles) character file.

27745 Alarkh the Cleaver (level 13, -8/171 HPs)
             Began as a Minotaur Fighter on Feb 4, 2018.
             Was a High Priest of Wu Jian.
             Mangled by a blink frog (16 damage)
             ... on level 4 of the Lair of Beasts.
             The game lasted 00:30:56 (13461 turns).

Alarkh the Cleaver (Minotaur Fighter)              Turns: 13461, Time: 00:30:57

Health: -8/171     AC:  2    Str: 31    XL:     13   Next: 6%
Magic:  16/16      EV: 17    Int:  5    God:    Wu Jian [*****.]
Gold:   371        SH: 14    Dex: 17    Spells: 15/17 levels left

rFire    . . .     SeeInvis .   a - +5 war axe of Desperation {freeze, +Rage Str+3 Dex+5}
rCold    + . .     Gourm    .   c - +0 shield
rNeg     + . .     Faith    +   Z - quicksilver dragon scales
rPois    +         Spirit   .   (helmet restricted)
rElec    .         Reflect  .   Y - +2 ratskin cloak {+Rats rPois rN+ Str-1 Int-1 Dex+1}
rCorr    +         Harm     .   K - +0 pair of gloves
MR       +....                  (no boots)
Stlth    ..........             I - amulet of faith
HPRegen  0.38/turn              n - ring of resist corrosion
MPRegen  0.15/turn              L - ring of protection from cold (curse)

@: berserking (expiring), corroded, very quick
A: retaliatory headbutt, horns 2
a: Wall Jump, Serpent's Lash, Heavenly Storm, Renounce Religion, Evoke Ratskin,
Evoke Berserk Rage


You were on level 4 of the Lair of Beasts.
You worshipped Wu Jian.
Wu Jian was extremely pleased with you.
You were very hungry.

You visited 2 branches of the dungeon, and saw 14 of its levels.

You collected 704 gold pieces.
You spent 333 gold pieces at shops.

Inventory:

Hand Weapons
 a - the +5 war axe of Desperation (weapon) {freeze, +Rage Str+3 Dex+5}
   (You found it on level 5 of the Dungeon)

   It has been specially enchanted to freeze those struck by it, causing extra
   injury to most foes and up to half again as much damage against particularly
   susceptible opponents.
   It can also slow down cold-blooded creatures.
   It affects your strength (+3).
   It affects your dexterity (+5).
   It lets you go berserk.
Armour
 c - a +0 shield (worn)
 K - a +0 pair of gloves (worn)
 Y - the +2 ratskin cloak (worn) {+Rats rPois rN+ Str-1 Int-1 Dex+1}
   (You bought it in a shop on level 9 of the Dungeon)

   It affects your strength (-1).
   It affects your intelligence (-1).
   It affects your dexterity (+1).
   It protects you from poison.
   It protects you from negative energy.
 Z - quicksilver dragon scales (worn)
Jewellery
 f - an uncursed ring of protection from fire
 k - an uncursed ring of flight
 n - a ring of resist corrosion (left hand)
 I - an amulet of faith (around neck)
 L - a cursed ring of protection from cold (right hand)
Wands
 i - a wand of enslavement (7)
 G - a wand of digging (26)
 R - a wand of scattershot (4)
 W - a wand of random effects (22)
Scrolls
 b - 3 scrolls of summoning
 e - a scroll of identify
 g - 6 scrolls of fog
 j - 5 scrolls of teleportation
 t - 3 scrolls of blinking
 x - a scroll of noise {unknown}
 y - 4 scrolls of remove curse
 z - 3 scrolls of fear
 A - 2 scrolls of silence {unknown}
 F - a scroll of brand weapon {unknown}
 N - a scroll of torment {unknown}
 O - 2 scrolls of magic mapping {unknown}
Potions
 d - 2 potions of might
 l - 9 potions of curing
 m - 2 potions of flight
 u - 3 potions of agility
 v - a potion of brilliance
 w - 2 potions of haste
 J - 3 potions of heal wounds
Comestibles
 h - 4 chunks of flesh
 T - 33 rations


   Skills:
 + Level 10.7 Fighting
 * Level 13.3(13.6) Axes
   Level 4.7(10.0) Maces & Flails
 + Level 10.6 Armour
 + Level 9.0 Dodging
 + Level 10.6 Shields
 + Level 2.5 Spellcasting
 + Level 2.6 Charms
 + Level 6.0 Evocations


You had 15 spell levels left.
You knew the following spells:

 Your Spells              Type           Power        Failure   Level  Hunger
a - Song of Slaying       Chrm           #.......     43%         2    ###....


Dungeon Overview and Level Annotations

Branches:
Dungeon (10/15)            Temple (0/1) D:5            Lair (4/6) D:10
 Shoals (0/4) Lair:2
  Snake: Lair:2-4    Spider: Lair:2-4       Orc: D:9-12

Altars:
Ashenzari
Elyvilon
Gozag
Nemelex Xobeh
Okawaru
Qazlal
Sif Muna
Trog
Wu Jian
Xom

Shops:
D:9 [*


Innate Abilities, Weirdness & Mutations

You reflexively headbutt those who attack you in melee.
You have a pair of horns on your head.


Message History

You block the blink frog's attack. x2; The blink frog blinks!
A blink frog comes into view.
You slash the blink frog!
The blink frog seems to slow down.
You freeze the blink frog.
You kill the blink frog!
The Council accepts your kill.
You can now summon a storm of heavenly clouds to empower your attacks.
You hit the blink frog.
The blink frog seems to slow down.
You freeze the blink frog.
The blink frog blinks!
The blink frog hits you.
* * * LOW HITPOINT WARNING * * *
Unknown command.
You barely miss the blink frog. You headbutt the blink frog!
The blink frog is heavily wounded.
The blink frog blinks!
Unknown command.
You hit the blink frog but do no damage.
Your headbutt misses the blink frog.
The blink frog is heavily wounded.
The blink frog hits you!
You die...

.........#####P.P ###..
...........P.##..###....
.P.<..........##..#.##.#
........?........#......
#....!.......†....#....
#...........P.....##..
#..............#.###..
..#..........##.....####
.......@.....###.....###
.##.....F....# #...####.
#§.....§F...# P....##.#
..........F.............
.F.....F......###...###P
..#....F......# #.P## #
. ............. ...#
####..F...#?..


You could see 7 blink frogs.

Vanquished Creatures
  Harold (Lair:1)
  A hydra (Lair:3)
  2 two-headed ogres
  3 death yaks (Lair:2)
  Sonja (Lair:3)
  The ghost of MordorOrchid the Fighter, a novice DgWn (D:9)
  Pikel (D:5)
  9 oklob plants
  A manticore (Lair:2)
  8 spiny frogs
  A black mamba (Lair:2)
  2 rime drakes
  A komodo dragon (Lair:1)
  12 blink frogs
  3 hippogriffs (Lair:2)
  A spriggan (D:7)
  2 wyverns
  Eustachio (D:5)
  2 hungry ghosts
  19 yaks
  A basilisk (Lair:1)
  Menkaure (D:5)
  10 water moccasins
  9 porcupines
  An orc warrior (D:5)
  A sky beast (D:5)
  4 ice beasts
  A black bear (D:10)
  3 phantoms
  3 slaves (D:5)
  7 wolves (Lair:2)
  9 ogres
  5 crocodiles
  7 bullfrogs
  A wyvern zombie (D:8)
  A wyvern skeleton (D:9)
  2 scorpions
  10 killer bees (D:9)
  2 howler monkeys
  A vampire bat (D:4)
  2 electric eels
  8 crimson imps
  2 bullfrog zombies
  5 orc priests
  2 centaur skeletons (D:4)
  A gnoll shaman (D:5)
  4 hounds
  2 jellies
  8 orc wizards
  3 iguanas
  8 worker ants
  A killer bee zombie (D:6)
  3 gnolls (D:5)
  A howler monkey skeleton (D:10)
  11 adders
  2 shadow imps
  2 oozes
  2 adder zombies
  3 worms
  A dart slug (D:3)
  6 fire bats
  3 leopard geckos
  14 orcs
  2 spectral bats (D:4)
  3 bat skeletons (D:4)
  A bat zombie (D:4)
  8 giant cockroaches
  10 goblins
  7 hobgoblins
  14 jackals
  7 kobolds
  A quokka (D:5)
  A ball python (D:1)
  21 bats
  A bat simulacrum (D:4)
  6 frilled lizards
  2 quokka zombies (D:5)
  8 rats
  A bush (Lair:4)
  A fungus (Lair:2)
  4 plants
343 creatures vanquished.

Vanquished Creatures (others)
  A plant (Lair:2)
1 creature vanquished.

Grand Total: 344 creatures vanquished

Notes
Turn   | Place    | Note
-------+----------+-------------------------------------------
     0 | D:1      | Alarkh the Minotaur Fighter began the quest for the Orb.
     0 | D:1      | Reached XP level 1. HP: 19/19 MP: 0/0
   376 | D:1      | Reached XP level 2. HP: 26/27 MP: 1/1
   526 | D:1      | Reached skill level 3 in Axes
   997 | D:2      | Reached XP level 3. HP: 25/33 MP: 2/2
  1360 | D:2      | Found an ornate altar of the Wu Jian Council.
  1360 | D:2      | Found a white marble altar of Elyvilon.
  1365 | D:2      | Found a faded altar of an unknown god.
  1368 | D:2      | Found a bloodstained altar of Trog.
  1369 | D:2      | Found a faded altar of an unknown god.
  1375 | D:2      | Became a worshipper of the Wu Jian Council
  1782 | D:2      | Found a faded altar of an unknown god.
  1880 | D:3      | Reached skill level 1 in Dodging
  2060 | D:3      | Reached XP level 4. HP: 29/40 MP: 3/3
  2152 | D:3      | Reached skill level 4 in Axes
  2226 | D:3      | Reached XP level 5. HP: 46/46 MP: 4/4
  2290 | D:3      | Reached * piety under Wu Jian
  2857 | D:4      | Reached skill level 5 in Axes
  2857 | D:4      | Reached XP level 6. HP: 49/53 MP: 5/5
  3205 | D:4      | Reached skill level 5 in Fighting
  3243 | D:4      | Reached skill level 5 in Shields
  3382 | D:4      | Reached skill level 5 in Armour
  3382 | D:4      | Reached XP level 7. HP: 43/61 MP: 6/6
  3584 | D:4      | Reached ** piety under Wu Jian
  3776 | D:4      | Reached skill level 6 in Axes
  4162 | D:5      | Entered Level 5 of the Dungeon
  4259 | D:5      | Reached skill level 1 in Maces & Flails
  4324 | D:5      | Reached XP level 8. HP: 44/70 MP: 7/7
  4462 | D:5      | Found a staircase to the Ecumenical Temple.
  4701 | D:5      | Reached *** piety under Wu Jian
  4777 | D:5      | Noticed Eustachio
  4807 | D:5      | Killed Eustachio
  5089 | D:5      | Got an ebony war axe
  5090 | D:5      | Identified the +5 war axe of Desperation {freeze, +Rage Str+3 Dex+5} (You found it on level 5 of the Dungeon)
  5200 | D:5      | Noticed Pikel
  5215 | D:5      | Killed Pikel
  5215 | D:5      | Reached skill level 7 in Axes
  5215 | D:5      | Reached XP level 9. HP: 49/79 MP: 8/8
  5217 | D:5      | Reached skill level 5 in Dodging
  5399 | D:5      | Noticed Menkaure
  5405 | D:5      | Killed Menkaure
  5774 | D:6      | Reached skill level 8 in Axes
  5813 | D:6      | Reached skill level 1 in Evocations
  6035 | D:6      | Found a deep blue altar of Sif Muna.
  6053 | D:6      | Identified Sif Muna's Tome of Combat Magic
  6511 | D:6      | Found a stormy altar of Qazlal.
  6689 | D:6      | Found a sparkling altar of Nemelex Xobeh.
  6691 | D:6      | Found an iron altar of Okawaru.
  6979 | D:7      | Found a shimmering altar of Xom.
  7304 | D:7      | Reached **** piety under Wu Jian
  7517 | D:7      | Reached skill level 9 in Axes
  7714 | D:8      | Reached XP level 10. HP: 82/88 MP: 10/10
  8416 | D:9      | Noticed a two-headed ogre
  8420 | D:9      | Killed a two-headed ogre
  8807 | D:9      | Noticed MordorOrchid's ghost (novice DgWn)
  8815 | D:9      | Killed MordorOrchid's ghost
  8815 | D:9      | Reached skill level 10 in Axes
  8955 | D:9      | Found a shattered altar of Ashenzari.
  9018 | D:9      | Found Fuqaed's Armour Shoppe.
  9023 | D:9      | Bought the +2 ratskin cloak {+Rats rPois rN+ Str-1 Int-1 Dex+1} for 333 gold pieces
  9023 | D:9      | Found the +2 ratskin cloak {+Rats rPois rN+ Str-1 Int-1 Dex+1}
  9220 | D:9      | Found an opulent altar of Gozag.
  9224 | D:9      | Found Gozag's Platinum Reserve.
  9331 | D:10     | Entered Level 10 of the Dungeon
  9425 | D:10     | Found a staircase to the Lair.
  9802 | D:10     | Noticed a two-headed ogre
  9808 | D:10     | Killed a two-headed ogre
  9812 | D:10     | Got a distressingly furry scale mail
  9823 | D:10     | Identified the +1 scale mail "Ucaqai" {+Fly rC+ Int+8 Dex-2} (You found it on level 10 of the Dungeon)
 10103 | Lair:1   | Entered Level 1 of the Lair of Beasts
 10103 | Lair:1   | Noticed a spiny frog
 10109 | Lair:1   | Killed a spiny frog
 10109 | Lair:1   | Reached XP level 11. HP: 97/97 MP: 12/12
 10130 | Lair:1   | Noticed Harold
 10143 | Lair:1   | Killed Harold
 10190 | Lair:1   | Reached skill level 11 in Axes
 10326 | Lair:1   | Reached ***** piety under Wu Jian
 10720 | Lair:1   | Learned a level 2 spell: Song of Slaying
 11013 | Lair:2   | Reached skill level 12 in Axes
 11036 | Lair:2   | Noticed a death yak
 11037 | Lair:2   | Noticed a death yak
 11037 | Lair:2   | Noticed a death yak
 11049 | Lair:2   | Killed a death yak
 11049 | Lair:2   | Reached skill level 1 in Spellcasting
 11049 | Lair:2   | Reached skill level 1 in Charms
 11057 | Lair:2   | Killed a death yak
 11057 | Lair:2   | Reached XP level 12. HP: 70/106 MP: 14/14
 11060 | Lair:2   | Killed a death yak
 11060 | Lair:2   | Reached skill level 10 in Fighting
 11060 | Lair:2   | Reached skill level 5 in Evocations
 11254 | Lair:2   | Reached skill level 10 in Shields
 11433 | Lair:2   | Found a staircase to the Shoals.
 11441 | Lair:2   | Reached skill level 10 in Armour
 12300 | Lair:3   | Noticed a seven-headed hydra
 12306 | Lair:3   | Killed a nine-headed hydra
 12596 | Lair:3   | Reached skill level 13 in Axes
 12803 | Lair:3   | Noticed Sonja
 12817 | Lair:3   | Killed Sonja
 13450 | Lair:4   | Reached XP level 13. HP: 10/114 MP: 16/16
 13459 | Lair:4   | HP: 7/171 [blink frog (5)]
 13461 | Lair:4   | Mangled by a blink frog

Skill      XL: |  1  2  3  4  5  6  7  8  9 10 11 12 13 |
---------------+----------------------------------------+-----
Axes           | 3 4 5 6 7 9 10 12 13 | 13.3
Shields        | 4 5 6 7 8 9 10 | 10.6
Armour         | 4 5 6 7 8 9 10 | 10.6
Fighting       | 4 5 7 9 10 | 10.7
Dodging        | 1 2 3 4 5 7 8 9 |  9.0
Maces & Flails | 2 4 |  4.7
Evocations     | 2 3 4 5 6 |  6.0
Spellcasting   | 1 2 |  2.5
Charms         | 1 2 |  2.6

Action                   |  1- 3 |  4- 6 |  7- 9 | 10-12 | 13-15 || total
-------------------------+-------+-------+-------+-------+-------++-------
Melee: War axe           |   133 |   116 |   192 |   407 |    11 ||   859
       Headbutt          |    16 |    23 |    63 |   123 |     2 ||   227
       Flail             |       |       |   114 |       |       ||   114
Invok: Lunge             |     5 |     9 |    19 |    29 |       ||    62
       Whirlwind         |       |    22 |   131 |   116 |       ||   269
       Wall Jump         |       |       |    11 |     3 |       ||    14
       Serpent's Lash    |       |       |     1 |     2 |       ||     3
       Heavenly Storm    |       |       |       |     1 |       ||     1
 Abil: Wall Jump         |       |       |     4 |       |       ||     4
       Evoke Berserk Rag |       |       |       |     4 |       ||     4
       Evoke Ratskin     |       |       |       |     1 |       ||     1
  Use: Scroll            |     6 |     3 |     7 |     7 |       ||    23
       Potion            |     1 |       |     1 |     2 |       ||     4
 Stab: Invisible         |       |       |       |     4 |       ||     4
  Eat: Chunk             |     4 |     3 |    17 |    21 |       ||    45
Armor: Scale mail        |    58 |    37 |    94 |       |       ||   189
       Plate armour      |       |       |     7 |    33 |       ||    40
       Quicksilver drago |       |       |       |    70 |       ||    70
Dodge: Dodged            |    38 |    37 |   101 |   140 |     2 ||   318
Block: Shield            |    69 |    61 |   145 |   197 |     3 ||   475
